AoeStats
← RedPhosphoru

Arabian Desert

509991234Analyzed
1v1 RM · 3d ago on Sep 28, 2026· 31m 53s· 2 players
Game mode
Random Map
Map size
Tiny (2 player)
Population
200
Speed
Normal
Resources
Standard
Victory
Conquest
Starting age
Dark Age
Ending age
Imperial Age
RankedLock teamsTeams togetherTeam positionsShared explorationLock speedFull tech treeHidden civsTurbo modeCheats
Victory
Defeat
🇪🇬 Khmer · Egypt
2197
+21
🇺🇸 Burgundians · United States
2299
-21
Ghosty
5:40 Loom
6:29 Loom
10:14 Feudal Age
13:14 Castle Age
11:47 Double-Bit Axe
12:12 Horse Collar
13:31 Light Cavalry
15:55 Fervor
17:51 Sanctity
18:32 Bow Saw
18:16 Town Watch
21:48 Wheelbarrow
27:00 Fletching
29:02 Bloodlines
30:17 Ballistics
30:39 Bodkin Arrow
31:29 Husbandry
RedPhosphoru
3:57 Double-Bit Axe
7:53 Loom
8:11 Stone Mining
10:25 Feudal Age
14:06 Castle Age
12:57 Bow Saw
22:39 Horse Collar
24:34 Squires
25:01 Scale Mail Armor
28:31 Chain Mail Armor
32:04 Wheelbarrow
Connection lost

Rejoining the realm…

Still unreachable

The connection could not be restored.

Session expired

The server has moved on; the page needs a fresh start.